 Dungeon Crawl Stone Soup version bcrawl-1.39.1 (webtiles) character file.

Game seed: 17819920488612159370

6947998 Rhok the Slayer (level 27, -4/242 HPs)
             Began as a Grey Draconian Hunter on Sept 26, 2023.
             Was the Champion of Hepliaklqana.
             Killed from afar by a Brimstone Fiend (38 damage)
             ... with hellfire
             ... on level 8 of the Dungeon on Oct 2, 2023.
             The game lasted 06:35:01 (85477 turns).

Rhok the Slayer (Grey Draconian Hunter)            Turns: 85477, Time: 06:35:01

Health: -4/242     AC: 25    Str: 26    XL:     27
Magic:  30/30      EV: 38    Int: 11    God:    Hepliaklqana [******]
Gold:   1697       SH: 31    Dex: 21    Spells: 13/26 levels left

rFire    + + .     GDR:     32% a - +9 scimitar (drain)
rCold    + . .     SeeInvis .   L - +5 medium shield
rNeg     + + +     Gourm    .   (armour unavailable)
rPois    +         Faith    +   l - -2 hat of the Alchemist {rElec rPois rF+ rC+ rN+ MR+ rMut rCorr}
rElec    +         Spirit   .   T - +2 cloak
rCorr    +         Reflect  .   D - +2 pair of gloves {Dex+3}
rMut     +                      c - +2 pair of boots {run}
MR       +++..                  r - amulet of Tiomor {Faith rN+++ Str+6 Int-2}
Stlth    +++.......             j - ring of protection from fire
HPRegen  0.50/turn              i - +6 ring of evasion
MPRegen  0.22/turn

@: hasted, studying 3 skills, very quick
A: walk through water, unfitting armour, reduced essence, blurry vision 1, low
mp 2, unbreathing, cold-blooded, AC +18
0: Orb of Zot
}: 4/15 runes: serpentine, barnacled, silver, abyssal
a: Recall Ancestor, Ancestor Identity, Transference, Incarnate, Renounce
Religion


You were on level 8 of the Dungeon.
You worshipped Hepliaklqana.
Hepliaklqana was exalted by your worship.
You were very full.

You visited 10 branches of the dungeon, and saw 43 of its levels.
You visited the Abyss 1 time.
You visited 1 bazaar.
You also visited: Trove.

You collected 8512 gold pieces.
You spent 6815 gold pieces at shops.

Inventory:

Hand Weapons
 a - a +9 scimitar of draining (weapon)
 b - the +7 Singing Sword {slice}
   (You found it on level 3 of the Spriggan Forest)

   It will always inflict at least some extra damage.
   This minimum extra damage increases with your current reserve of magical
   power.
Missiles
 M - 6 throwing nets (quivered) {=f}
Armour
 c - a +2 pair of boots of running (worn)
 l - the -2 hat of the Alchemist (worn) {rElec rPois rF+ rC+ rN+ MR+ rMut rCorr}
   (You acquired it on level 1 of the Crypt)

   It protects you from fire.
   It protects you from cold.
   It insulates you from electricity.
   It protects you from poison.
   It protects you from negative energy.
   It affects your resistance to hostile enchantments.
   It provides partial protection from all sources of acid and corrosion.
   It protects you from mutation.
 D - a +2 pair of gloves of dexterity (worn)
 L - a +5 medium shield (worn)
 T - a +2 cloak (worn)
Jewellery
 i - a +6 ring of evasion (right hand)
 j - a ring of protection from fire (left hand)
 m - an uncursed ring of see invisible
 r - the amulet of Tiomor (around neck) {Faith rN+++ Str+6 Int-2}
   (You found it on level 1 of the Abyss)

   [amulet of faith]

   It allows you to gain divine favour quickly.
   It affects your strength (+6).
   It affects your intelligence (-2).
   It renders you almost immune to negative energy.
 u - a +6 ring of dexterity
 G - the amulet of Zifolamo {Reflect rPois MR+ Dex-4 SH+3}
   (You bought it in a shop on level 12 of the Dungeon)

   [amulet of reflection]

   It shields you and reflects attacks.
   It affects your dexterity (-4).
   It protects you from poison.
   It affects your resistance to hostile enchantments.
   It affects your SH (+3).
 Z - an uncursed ring of protection from magic
Wands
 f - a wand of disintegration (25)
 t - a wand of polymorph (26)
 v - a wand of digging (18)
 x - a wand of scattershot (7)
 y - a wand of iceblast (11)
 S - a wand of charming (18)
 U - a wand of acid (20)
 W - a wand of paralysis (29)
Scrolls
 k - 4 scrolls of blinking
 o - 9 scrolls of fog
 s - a scroll of teleportation
 I - a scroll of revelation
 O - 3 scrolls of silence
 Q - 21 scrolls of remove curse
 R - 13 scrolls of fear
Potions
 d - 2 potions of might
 g - 5 potions of curing
 q - 12 potions of mutation
 w - 2 potions of invisibility
 A - 2 potions of agility
 B - 12 potions of lignification
 C - 5 potions of magic
 J - 5 potions of brilliance
 V - 3 potions of resistance
 Y - 2 potions of cancellation
Miscellaneous
 h - a lamp of fire
 n - 3 boxes of beasts
 E - a lightning rod (4/4)
 H - a fan of gales (2/2)
 N - a phantom mirror
 P - a sack of spiders
 X - a phial of floods
Comestibles
 e - 29 rations {!d}


   Skills:
 - Level 26.0 Fighting
 - Level 18.0 Long Blades
 - Level 14.0 Throwing
 * Level 22.1 Dodging
 - Level 19.0 Stealth
 - Level 23.0 Shields
 - Level 22.0 Invocations
 - Level 19.0 Evocations


You had 13 spell levels left.
You knew the following spells:

 Your Spells              Type           Power        Failure   Level  Hunger
a - Swiftness             Chrm/Air       #.......     82%         2    ####...
b - Regeneration          Chrm/Necr      #.........   96%         3    #####..
c - Passwall              Tmut/Erth      #.......     82%         2    ####...
d - Statue Form           Tmut/Erth      #........    100%        6    #######

Your spell library contained the following spells:

 Spells                   Type           Power        Failure   Level  Hunger
 Throw Frost              Conj/Ice       #.....       47%         2    ####...
 Apportation              Tloc           #.....       67%         1    None
 Beastly Appendage        Tmut           #.....       67%         1    None
 Corona                   Hex            #......      67%         1    None
 Flame Tongue             Conj/Fire      #....        67%         1    None
 Freeze                   Ice            #.....       67%         1    None
 Infusion                 Chrm           #.......     67%         1    None
 Magic Dart               Conj           #...         67%         1    None
 Necrotize                Necr           #.....       67%         1    None
 Sandblast                Erth           #.....       67%         1    None
 Slow                     Hex            #.......     67%         1    None
 Static Discharge         Air            #.....       67%         1    None
 Summon Butterflies       Summ           #.......     67%         1    None
 Summon Small Mammal      Summ           #...         67%         1    None
 Blink                    Tloc           N/A          82%         2    ####...
 Call Imp                 Summ           #.....       82%         2    ####...
 Corpse Rot               Necr           N/A          82%         2    ####...
 Flaming Arrows           Chrm/Fire      #.......     82%         2    ####...
 Poisonous Vapours        Pois/Air       #.....       82%         2    ####...
 Searing Ray              Conj           #.......     82%         2    ####...
 Shackle                  Hex            #.......     82%         2    ####...
 Shock                    Conj/Air       #......      82%         2    ####...
 Sticks to Snakes         Tmut           #.......     82%         2    ####...
 Sublimation of Blood     Necr           #.........   82%         2    ####...
 Call Canine Familiar     Summ           #.......     96%         3    #####..
 Confuse                  Hex            #.......     96%         3    #####..
 Conjure Flame            Conj/Fire      #.......     96%         3    #####..
 Dazzling Orbs            Conj/Hex       #......      96%         3    #####..
 False Image              Hex/Summ       #.......     96%         3    #####..
 Ignite Poison            Fire/Tmut/Pois #.......     96%         3    #####..
 Inner Flame              Hex/Fire       N/A          96%         3    #####..
 Iskenderun's Mystic Bla  Conj           #.......     96%         3    #####..
 Mephitic Cloud           Conj/Pois/Air  #.......     96%         3    #####..
 Ozocubu's Armour         Chrm/Ice       #.......     96%         3    #####..
 Recall                   Summ/Tloc      N/A          96%         3    #####..
 Spider Form              Tmut/Pois      #..          96%         3    #####..
 Stone Arrow              Conj/Erth      #.....       96%         3    #####..
 Vampiric Draining        Necr           #.........   96%         3    #####..
 Agony                    Necr           #.......     100%        4    ######.
 Animate Dead             Necr           N/A          100%        4    ######.
 Cause Fear               Hex            #.........   100%        4    ######.
 Fulminant Prism          Conj/Hex       #.........   100%        4    ######.
 Ice Form                 Ice/Tmut       #.......     100%        4    ######.
 Lightning Bolt           Conj/Air       #.......     100%        4    ######.
 Petrify                  Tmut/Erth      #.........   100%        4    ######.
 Sticky Flame             Conj/Fire      #.......     100%        4    ######.
 Summon Ice Beast         Ice/Summ       #.......     100%        4    ######.
 Throw Icicle             Conj/Ice       #.......     100%        4    ######.
 Yara's Violent Unravell  Hex/Tmut       #.........   100%        4    ######.
 Blade Hands              Tmut           #.........   100%        5    #######
 Bolt of Draining         Conj/Necr      #.........   100%        5    #######
 Bolt of Magma            Conj/Fire/Erth #.........   100%        5    #######
 Dispel Undead            Necr           #.......     100%        5    #######
 Fireball                 Conj/Fire      #.........   100%        5    #######
 Freezing Cloud           Ice/Air        #.......     100%        5    #######
 Irradiate                Conj/Tmut      #.........   100%        5    #######
 Lee's Rapid Deconstruct  Erth           #.........   100%        5    #######
 Silence                  Hex/Air        #.........   100%        5    #######
 Steam Barrier            Chrm/Fire      #.........   100%        5    #######
 Summon Lightning Spire   Summ/Air       #.......     100%        5    #######
 Summon Mana Viper        Hex/Summ       #.......     100%        5    #######
 Bolt of Cold             Conj/Ice       #.........   100%        6    #######
 Bolt of Fire             Conj/Fire      #.........   100%        6    #######
 Borgnjor's Vile Clutch   Necr/Erth      #.........   100%        6    #######
 Conjure Ball Lightning   Conj/Air       #.........   100%        6    #######
 Death Channel            Chrm/Necr      #.........   100%        6    #######
 Iron Shot                Conj/Erth      #.........   100%        6    #######
 Ozocubu's Refrigeration  Ice            #.........   100%        6    #######
 Poison Arrow             Conj/Pois      #.........   100%        6    #######
 Simulacrum               Ice/Necr       #.......     100%        6    #######
 Summon Hydra             Summ           #.........   100%        6    #######
 Virulence                Hex/Pois       #.......     100%        6    #######
 Dragon Form              Tmut           #......      100%        7    #######
 Icicle Burst             Conj/Ice       #.........   100%        7    #######
 Monstrous Menagerie      Summ           #.........   100%        7    #######
 Orb of Destruction       Conj           #.........   100%        7    #######
 Spellforged Servitor     Conj/Summ      #.........   100%        7    #######
 Borgnjor's Revivificati  Necr           #.........   100%        8    #######
 Chain Lightning          Conj/Air       #.........   100%        8    #######
 Glaciate                 Conj/Ice/Air   #.........   100%        8    #######
 Ignition                 Fire           #.........   100%        8    #######
 Lehudib's Crystal Spear  Conj/Erth      #.........   100%        8    #######
 Time Stop                Chrm/Tloc      N/A          100%        8    #######
 Dragon's Call            Summ           #.........   100%        9    #######
 Fire Storm               Conj/Fire      #.........   100%        9    #######


Dungeon Overview and Level Annotations

Branches:
Dungeon (12/12)            Temple (0/1) D:6            Lair (6/6) D:9
 Shoals (3/3) Lair:2        Snake (3/3) Lair:4        Slime (0/5) Orc
    Orc (1/1) D:10         Vaults (3/3) D:12         Forest (3/3) Lair:5
  Crypt (2/2) Vaults:1       Tomb (0/3) Crypt:2      Depths (5/5) D:12
    Zot (5/5) Depths:5

Altars:
Hepliaklqana
Okawaru
Sif Muna
Vehumet
Yredelemnul
The Shining One
Jiyva

Shops:
D:8 =   D:9 !   D:10 *:(%:   D:12 =   Orc ![?:   Depths:1 :?(:   Depths:3 *
Depths:4 =}=   Depths:5 *

Portals:
Hell: Depths:1 Depths:2 Depths:3 Depths:4 Depths:5
Abyss: Depths:1 Depths:4 Depths:5
Pandemonium: Depths:2 Depths:3
Ziggurat: Depths:2

Annotations:
D:6 exclusion: troll
Lair:3 exclusion: 2 oklob plants
Lair:5 exclusion: downstairs
Shoals:2 Cedruin's ghost, adept DrAr; Roxanne
Depths:1 1 runed door
Depths:4 2 runed doors
Zot:3 exclusion: orb of fire


Innate Abilities, Weirdness & Mutations

You can walk through water.
Your dull iron-grey scales are very hard. (AC +18)
You cannot fit into any form of body armour.
You can survive without breathing.
You are cold-blooded and may be slowed by cold attacks.
Your life essence is reduced to manifest your ancestor. (-10% HP)
Scrolls take you a little longer to read.
Your magical capacity is very low. (-20% MP)


Message History

Ye slash tha Brimstone Fiend!
Tha Brimstone Fiend be heavily wounded.
Ye block tha Brimstone Fiend's attack. x2
Tha Brimstone Fiend hits ye but does nay damage.
Ye hit tha Brimstone Fiend but do nay damage.
Ye tail-slap tha Brimstone Fiend, but do nay damage.
Tha Brimstone Fiend be heavily wounded.
Ye slice tha Brimstone Fiend!!
Ye tail-slap tha Brimstone Fiend, but do nay damage.
Tha Brimstone Fiend be severely wounded.
Ye block tha Brimstone Fiend's attack.
Tha Brimstone Fiend completely misses ye.
Ye block tha Brimstone Fiend's attack.
Ye hit tha Brimstone Fiend but do nay damage.
Tha Brimstone Fiend be severely wounded.
Ye slash tha Brimstone Fiend!
Tha Brimstone Fiend be severely wounded.
Tha Brimstone Fiend gestures at ye.
Tha sphere o' hellfire 'splodes!
Tha hellfire 'ngulfs ye!!!
Ye die...

#....[....#
######).### #)## #.#
#.# ## ######.#####
####.
##..........#####....
##.>1.................
#....@...........#####
#............>#.##
#..........#..(.####
#.............#....##
#............#####..#
##........#### ##[##
##........## #[.<
#..........# ####
#.<........#


You could see a Brimstone Fiend.

Vanquished Creatures
  2 juggernauts
  5 orbs of fire (Zot:5)
  Mara (Snake:2)
  3 ancient liches
  7 Killer Klowns
  6 golden dragons
  3 curse toes
  4 caustic shrikes
  Frederick (Vaults:2)
  A profane servitor (Crypt:1)
  12 bone dragons
  A rockslime (Depths:4)
  A Shadow Fiend (D:9)
  4 Orb Demons
  2 hellephants
  A Brimstone Fiend (Depths:4)
  Frances (Snake:2)
  2 electric golems (Zot:5)
  7 tentacled monstrosities
  6 wendigos
  20 Orb Guardians (Zot:5)
  A titan (Depths:4)
  Asterion (Vaults:3)
  6 liches
  4 quicksilver dragons
  6 death cobs
  3 Executioners
  Polyphemus (Shoals:3)
  4 sphinxes
  34 tentacled starspawn
  4 ancient champions (Crypt:2)
  4 thorn hunters
  The ghost of tronn the Thrower, an adept GnFi of Gozag (Depths:2)
  6 draconian monks
  8 tengu reavers
  10 shadow dragons
  8 storm dragons
  6 ghouls
  9 nagarajas
  A revenant (Abyss:1)
  3 greenwood witches
  5 war gargoyles (Vaults:3)
  An apis (Forest:1)
  11 fire giants
  2 draconian knights (Zot:5)
  Ilsuiw (Shoals:3)
  3 balrugs
  3 draconian shifters
  13 frost giants
  4 deep elf sorcerers
  9 vault wardens
  An iron dragon (Depths:3)
  2 ghost moths
  2 angels
  A deep elf elementalist (Abyss:1)
  Aizul (Snake:2)
  2 draconian stormcallers
  10 ironheart preservers
  A reaper (Abyss:3)
  18 stone giants
  An eye of devastation (Zot:5)
  22 spriggan defenders
  4 jiangshi
  6 elemental wellsprings
  5 draconian scorchers
  4 draconian annihilators
  2 ophanim (Abyss:3)
  8 green draconians
  34 very ugly things
  9 black draconians
  5 vampire knights
  3 deep elf annihilators
  A deep elf demonologist (Depths:1)
  12 red draconians
  3 lorocyprocas
  4 white draconians
  5 spark wasps
  23 dire elephants
  10 purple draconians
  13 yellow draconians
  2 blizzard demons (Abyss:1)
  11 ettins
  4 eidola
  A spark wasp (shapeshifter) (D:12)
  A deep elf death mage (Crypt:1)
  A merfolk javelineer (Shoals:3)
  16 fire dragons
  2 green deaths
  14 yaktaur captains
  9 ice dragons
  3 merfolk impalers
  2 deep elf high priests
  A quicksilver dragon skeleton (Abyss:2)
  4 rakshasas
  14 great orbs of eyes
  32 vault guards
  3 catoblepae
  12 ogre magi
  A merfolk avatar (Shoals:3)
  8 naga warriors
  12 spriggan air magi
  6 shambling mangroves
  9 shadow wraiths
  13 anacondas
  3 merfolk aquamancers
  2 death knights
  22 death yaks
  4 hydras
  43 two-headed ogres
  7 deep troll shamans
  7 hell hogs
  A satyr (Abyss:3)
  4 vampire magi
  8 deep troll earth magi
  4 sea snakes
  2 alligator snapping turtles (Shoals:3)
  2 dancing weapons (Vaults:2)
  A titan zombie (Crypt:2)
  2 shock serpents
  11 naga sharpshooters
  6 ironheart beastmasters
  11 spriggan berserkers
  5 iron trolls
  5 sun demons
  4 soul eaters
  A deep troll (shapeshifter) (Vaults:3)
  A deep elf knight (Vaults:2)
  A goliath frog (shapeshifter) (D:12)
  20 thrashing horrors
  A storm dragon zombie (Abyss:1)
  42 spriggans
  A salamander mystic (Snake:3)
  31 wretched stars
  27 deep trolls
  25 centaur warriors
  29 hell knights
  7 sixfirhies
  5 spatial maelstroms (Abyss:1)
  4 unseen horrors
  A storm dragon skeleton (Crypt:2)
  2 cherubim (Abyss:3)
  2 shadow demons
  3 death drakes
  11 flayed ghosts
  3 spriggan druids (Forest:3)
  15 skeletal warriors
  A glowing orange brain (shapeshifter) (Depths:3)
  10 naga ritualists
  10 wizards
  6 glowing orange brains
  An infernal demonspawn (Depths:2)
  67 large abominations
  A lindwurm (shapeshifter) (Vaults:3)
  12 necromancers
  11 phantasmal warriors
  5 deep elf archers
  A cyclops (shapeshifter) (Abyss:1)
  6 apocalypse crabs
  7 harpies
  5 lindwurms (Depths:5)
  A cyclops (Vaults:1)
  A golden dragon skeleton (Abyss:1)
  An orc knight (D:12)
  6 mana vipers
  12 ironheart convokers
  4 oklob plants
  58 ugly things
  13 deep elf magi
  2 fire giant zombies
  2 orc sorcerers
  8 worldbinders
  13 fauns
  21 elephants
  A manticore (shapeshifter) (Vaults:1)
  A moth of wrath (shapeshifter) (Vaults:3)
  A stone giant zombie (Depths:2)
  A spectral sea snake (Shoals:2)
  10 manticores
  7 salamanders
  A black mamba (shapeshifter) (Depths:4)
  8 merfolk sirens
  11 vault sentinels
  27 naga magi
  Joseph (D:10)
  20 will-o'-wisps
  7 guardian serpents
  12 moths of wrath
  A frost giant skeleton (Depths:2)
  A dire elephant zombie (Abyss:1)
  A guardian serpent (shapeshifter) (Depths:3)
  5 rust devils
  6 water nymphs
  9 orange demons
  28 black mambas
  A sea snake skeleton (Crypt:2)
  17 smoke demons
  A stone giant skeleton (Abyss:1)
  8 cane toads
  A dire elephant skeleton (Crypt:1)
  3 hellions
  6 freezing wraiths
  A yaktaur (shapeshifter) (Depths:1)
  25 flying skulls
  8 efreet
  3 eyes of draining
  7 komodo dragons
  2 rime drakes
  A spectral water nymph (Shoals:2)
  4 hellwings
  A queen bee (Lair:1)
  46 yaktaurs
  A dryad (Forest:2)
  A spectral merfolk (Shoals:2)
  3 red devils
  A meliai (shapeshifter) (Vaults:3)
  8 meliai
  26 ancient zymes
  3 ice devils
  4 tengu conjurers
  A troll (shapeshifter) (Abyss:1)
  A wind drake (shapeshifter) (Depths:1)
  4 trolls
  47 hornets
  A sphinx simulacrum (Vaults:1)
  2 tengu simulacra (Depths:2)
  3 polar bears
  A harpy skeleton (D:12)
  17 merfolk
  2 hornets (shapeshifter)
  5 wind drakes
  A hydra skeleton (Abyss:2)
  68 raiju
  6 snapping turtles
  A blink frog (shapeshifter) (Vaults:3)
  2 bog bodies (Crypt:2)
  A fire dragon zombie (Crypt:1)
  17 slime creatures
  3 dream sheep
  9 hippogriffs
  A hippogriff (shapeshifter) (D:12)
  23 blink frogs
  A frost giant simulacrum (Crypt:2)
  2 ettin zombies
  A sea snake simulacrum (Shoals:2)
  A spectral manticore (Shoals:3)
  An air elemental (Abyss:1)
  2 shadows
  15 water elementals
  An ettin skeleton (Vaults:3)
  96 starcursed masses
  A dire elephant simulacrum (Abyss:1)
  7 wraiths
  29 yaks
  A wyvern (D:9)
  A black mamba skeleton (Crypt:2)
  4 hogs (D:8)
  A fire bat (shapeshifter) (Depths:3)
  18 ynoxinuls
  Eustachio (D:5)
  4 basilisks
  A yak (shapeshifter) (Abyss:1)
  A fire elemental (Abyss:3)
  10 humans
  5 golden eyes (Abyss:1)
  An ice dragon skeleton (Crypt:2)
  4 hungry ghosts
  15 chaos spawn
  A minotaur simulacrum (Abyss:2)
  23 neqoxecs
  A redback (shapeshifter) (Depths:2)
  A deep troll zombie (Vaults:3)
  A swamp worm (shapeshifter) (Depths:3)
  4 crocodiles
  2 wargs
  31 nagas
  5 spatial vortices (Abyss:1)
  Edmund (D:5)
  A hydra simulacrum (Abyss:3)
  8 water moccasins
  Duvessa (D:7)
  11 hell hounds
  2 floating eyes (Depths:4)
  A black bear (shapeshifter) (Depths:2)
  A porcupine (shapeshifter) (Depths:3)
  4 hexers
  2 ice beasts
  4 soldier ants
  7 porcupines
  A sky beast (D:4)
  A hornet zombie (D:9)
  13 orc warriors
  A swamp drake (Depths:5)
  4 black bears
  16 boggarts
  6 necrophages
  2 human zombies (Vaults:3)
  44 ogres
  13 wolves
  A rime drake zombie (Crypt:2)
  9 bullfrogs
  A kobold brigand (D:5)
  An earth elemental (Abyss:1)
  2 merfolk simulacra (Shoals:2)
  10 centaurs
  A draconian skeleton (Crypt:1)
  A water moccasin skeleton (Crypt:1)
  A scorpion (D:7)
  75 small abominations
  Dowan (D:7)
  15 killer bees
  A manticore simulacrum (Shoals:3)
  2 snapping turtle simulacra (Shoals:2)
  2 human simulacra
  A troll skeleton (Crypt:2)
  10 wights
  18 orc priests
  6 howler monkeys
  A bullfrog zombie (D:8)
  6 crimson imps
  A wolf skeleton (Crypt:1)
  An elf simulacrum (Abyss:1)
  8 hounds
  5 jellies
  18 quasits
  A demonspawn skeleton (Crypt:2)
  2 gnoll shamans
  11 iron imps
  12 iguanas
  A worker ant (shapeshifter) (Depths:3)
  7 orc wizards
  21 worker ants
  A killer bee zombie (D:8)
  A dwarf zombie (Crypt:1)
  A felid zombie (Crypt:2)
  3 worker ant zombies
  8 gnolls
  A howler monkey skeleton (Crypt:2)
  15 adders
  3 shadow imps
  8 white imps
  15 ufetubi
  An adder zombie (D:7)
  7 oozes
  3 adder skeletons
  4 worms
  5 dart slugs
  10 leopard geckos
  47 orcs
  A ball python (D:2)
  4 giant cockroaches
  5 goblins
  13 hobgoblins
  A jackal (D:1)
  13 kobolds
  3 quokkas
  4 bats
  7 frilled lizards
  A goblin skeleton (Crypt:1)
  7 rats
  3 briar patches (Forest:3)
  2 fungi (Depths:3)
  4 lurking horrors
  7 plants
  21 starspawn tentacles
2802 creatures vanquished.

Vanquished Creatures (collateral kills)
  2 ancient liches
  A golden dragon (Depths:5)
  A Killer Klown (Zot:5)
  5 Orb Guardians (Zot:5)
  2 tentacled monstrosities
  4 liches
  A quicksilver dragon (Zot:1)
  3 tentacled starspawn
  An Executioner (Abyss:1)
  3 sphinxes
  2 ghouls (Crypt:1)
  2 nagarajas
  4 shadow dragons
  2 fire giants
  A war gargoyle (Vaults:2)
  A cacodemon (Abyss:1)
  2 deep elf sorcerers
  A vault warden (Vaults:3)
  A stone giant (Depths:2)
  A curse skull (Crypt:1)
  A draconian shifter (Zot:5)
  4 ironheart preservers
  2 spriggan defenders
  A draconian annihilator (Zot:3)
  An angel (Abyss:1)
  4 jiangshi
  The ghost of Juirae the Grappler, a journeyman TrMo of Wu Jian (Lair:4)
  8 very ugly things
  2 vampire knights
  6 dire elephants
  2 green draconians
  A black draconian (Depths:5)
  A red draconian (Zot:5)
  An eidolon (Abyss:2)
  A blizzard demon (Abyss:3)
  2 merfolk javelineers (Shoals:3)
  A deep elf death mage (Crypt:1)
  An ettin (Depths:1)
  2 merfolk impalers (Shoals:3)
  2 ice dragons
  4 naga warriors
  A vault guard (Vaults:2)
  A shambling mangrove (Forest:3)
  A death knight (Crypt:1)
  A hydra (Lair:4)
  3 great orbs of eyes
  An ogre mage (Depths:3)
  3 satyrs
  A deep troll shaman (Depths:2)
  A queen ant (D:10)
  4 spriggan air magi
  2 dancing weapons (Abyss:3)
  5 death yaks
  3 hell hogs
  4 two-headed ogres
  2 vampire magi
  A thrashing horror (Abyss:1)
  A titan zombie (Abyss:1)
  3 spriggan berserkers
  A naga sharpshooter (Snake:2)
  A deep elf knight (Depths:2)
  A soul eater (Crypt:2)
  A storm dragon zombie (Vaults:3)
  A deep troll (Depths:2)
  2 centaur warriors
  A salamander mystic (Snake:2)
  5 skeletal warriors (Crypt:2)
  3 wretched stars
  A goliath frog (Lair:6)
  3 spatial maelstroms
  A sixfirhy (Abyss:3)
  A flayed ghost (Depths:5)
  A lindwurm (Depths:5)
  A wizard (Depths:2)
  3 unseen horrors
  4 hell knights
  2 deep elf archers
  A glowing orange brain (Abyss:1)
  An ironheart convoker (Vaults:3)
  An orc knight (D:12)
  3 phantasmal warriors
  A necromancer (Crypt:2)
  An apocalypse crab (Abyss:2)
  2 mana vipers
  A deep elf mage (D:12)
  2 fauns
  8 ugly things
  2 merfolk sirens
  An iron dragon skeleton (Crypt:2)
  6 will-o'-wisps (Abyss:1)
  4 worldbinders (Abyss:1)
  3 salamanders
  A moth of wrath (Zot:1)
  6 black mambas
  2 guardian serpents (Snake:2)
  2 orange demons
  2 smoke demons (Abyss:1)
  7 elephants
  A black mamba (shapeshifter) (Abyss:3)
  A stone giant skeleton (Abyss:2)
  2 efreet
  3 cane toads
  A vault sentinel (Vaults:1)
  A cane toad (shapeshifter) (Vaults:1)
  4 yaktaurs
  An eye of draining (shapeshifter) (Abyss:1)
  4 freezing wraiths
  4 flying skulls
  A tengu conjurer (D:9)
  2 komodo dragons
  2 hellwings (Abyss:1)
  3 ancient zymes
  A troll (D:11)
  A red devil (Depths:3)
  4 merfolk
  7 hornets
  A meliai (shapeshifter) (Abyss:3)
  6 blink frogs
  Prince Ribbit (D:7)
  18 large abominations
  7 raiju
  A dream sheep (Shoals:3)
  10 slime creatures
  A wind drake (Shoals:3)
  4 hippogriffs
  4 water elementals
  A vampire (Abyss:3)
  10 spriggans
  A shadow (Abyss:1)
  8 yaks
  2 ynoxinuls
  A wraith (Crypt:2)
  A basilisk (Lair:2)
  2 chaos spawn
  2 neqoxecs (Abyss:1)
  2 wargs (D:9)
  A spatial vortex (Abyss:1)
  A naga (shapeshifter) (Depths:3)
  2 nagas (Snake:3)
  3 crocodiles
  8 small abominations
  2 hell hounds
  A porcupine (Lair:3)
  A soldier ant (D:10)
  2 ice beasts
  2 sky beasts
  A black bear (Lair:6)
  5 wolves
  2 boggarts
  4 ogres
  A cyclops zombie (Crypt:1)
  2 bullfrogs
  2 centaurs
  A scorpion (D:7)
  7 wights
  3 quasits (Abyss:1)
  11 starcursed masses
  4 jellies
  A bullfrog skeleton (D:7)
  3 iguanas
  2 orc wizards
  3 worker ants
  2 gnolls (D:9)
  An adder (D:11)
  A shadow imp (Depths:2)
  4 white imps (Abyss:1)
  4 ufetubi
  An ooze (Orc)
  A worm zombie (Crypt:1)
  An adder zombie (Crypt:1)
  8 orcs
  A river rat skeleton (Crypt:2)
  A lurking horror (Abyss:1)
  4 plants
  2 starspawn tentacles
448 creatures vanquished.

Vanquished Creatures (others)
  A draconian monk (Zot:4)
  A ghost moth (Zot:2)
  A deep elf elementalist (Abyss:3)
  2 stone giants (Vaults:3)
  A draconian scorcher (Zot:2)
  2 dire elephants (Vaults:2)
  3 yaktaur captains
  A rakshasa (Depths:1)
  A spriggan air mage (Forest:1)
  A naga warrior (Snake:3)
  A hell hog (Abyss:1)
  A deep troll shaman (Depths:1)
  2 satyrs
  A deep troll earth mage (Depths:5)
  A vampire mage (Abyss:3)
  4 naga sharpshooters
  6 centaur warriors
  A deep troll (Depths:1)
  A glowing orange brain (Depths:1)
  An unseen horror (Abyss:2)
  3 cyclopes
  A harpy (Shoals:1)
  A meliai (D:12)
  A deep elf mage (Abyss:3)
  A wolf spider (shapeshifter) (Vaults:3)
  A moth of wrath (Zot:4)
  A naga mage (Snake:3)
  A smoke demon (Abyss:1)
  14 yaktaurs
  A red devil (Abyss:1)
  2 hornets
  A merfolk (Shoals:3)
  2 raiju
  2 spriggans
  A water elemental (Depths:5)
  3 golden eyes
  3 chaos spawn
  3 centaurs
  95 hexers
  5 small abominations (Abyss:1)
  8 ancestors
  An adder (Snake:1)
  2 white imps
  3 orcs
  A bush (Depths:5)
  91 fungi
  5 lurking horrors (Abyss:1)
  140 plants
  95 starspawn tentacles
  2 withered plants (Depths:2)
523 creatures vanquished.

Grand Total: 3773 creatures vanquished

Notes
Turn   | Place    | Note
-------+----------+-------------------------------------------
     0 | D:1      | Rhok the Draconian Hunter began the quest for the Orb.
     0 | D:1      | Reached XP level 1. HP: 17/17 MP: 1/1
   196 | D:1      | Reached skill level 3 in Fighting
   196 | D:1      | Reached XP level 2. HP: 26/26 MP: 2/2
   402 | D:1      | Reached XP level 3. HP: 33/33 MP: 3/3
   444 | D:1      | Reached skill level 4 in Fighting
  1095 | D:2      | Reached XP level 4. HP: 39/41 MP: 4/4
  1152 | D:2      | Reached skill level 5 in Fighting
  1790 | D:3      | Reached XP level 5. HP: 50/50 MP: 5/5
  1814 | D:3      | Reached skill level 6 in Fighting
  1858 | D:3      | Noticed an ice beast
  1865 | D:3      | Killed an ice beast
  1866 | D:3      | Reached skill level 7 in Fighting
  2000 | D:3      | Reached XP level 6. HP: 60/60 MP: 6/6
  2431 | D:4      | Noticed a sky beast
  2434 | D:4      | Killed a sky beast
  2487 | D:4      | Reached skill level 8 in Fighting
  2659 | D:4      | Reached skill level 1 in Shields
  2981 | D:5      | Entered Level 5 of the Dungeon
  3009 | D:5      | Your scales start taking on a dull iron-grey colour.
  3009 | D:5      | Reached XP level 7. HP: 68/68 MP: 7/7
  3009 | D:5      | Gained mutation: You can survive without breathing. [Grey
                  | Draconian growth]
  3135 | D:5      | Noticed Eustachio
  3218 | D:4      | Found a glowing golden altar of the Shining One.
  3435 | D:5      | Killed Eustachio
  3436 | D:5      | Reached XP level 8. HP: 45/74 MP: 8/8
  3665 | D:5      | Reached skill level 5 in Dodging
  3836 | D:5      | Noticed Edmund
  3866 | D:5      | Killed Edmund
  4042 | D:5      | Found a radiant altar of Vehumet.
  4042 | D:5      | Found an iron altar of Okawaru.
  4047 | D:5      | Found a hazy altar of Hepliaklqana.
  4324 | D:6      | Noticed a troll
  4359 | D:5      | Became a worshipper of Hepliaklqana the Forgotten
  4390 | D:6      | Found a staircase to the Ecumenical Temple.
  4633 | D:6      | Reached skill level 5 in Long Blades
  4734 | D:6      | Reached * piety under Hepliaklqana
  5235 | D:7      | Reached XP level 9. HP: 68/72 MP: 9/9
  5264 | D:7      | Noticed Dowan
  5266 | D:7      | Noticed Duvessa
  5273 | D:7      | Killed Dowan
  5292 | D:7      | Killed Duvessa
  5567 | D:7      | Noticed Prince Ribbit
  5603 | D:7      | Noticed an orc knight
  6022 | D:7      | Reached skill level 9 in Fighting
  6091 | D:7      | Killed Prince Ribbit
  6097 | D:8      | Found Leshrir's Jewellery Shoppe.
  6143 | D:8      | Bought the ring of Rus Gilasi {+Fly rElec rPois Str+3} for
                  | 371 gold pieces
  6237 | D:8      | Reached skill level 5 in Shields
  6309 | D:8      | Noticed a green ugly thing
  6353 | D:8      | Killed a green ugly thing
  6556 | D:8      | Reached XP level 10. HP: 67/81 MP: 10/10
  7017 | D:8      | Noticed a two-headed ogre
  7453 | D:8      | Reached skill level 10 in Long Blades
  7547 | D:8      | Killed a two-headed ogre
  7902 | D:9      | Reached ** piety under Hepliaklqana
  7903 | D:9      | Remembered your ancestor FREEN as a hexer
  8046 | D:9      | Reached XP level 11. HP: 47/87 MP: 11/11
  8230 | D:9      | Found Hoebb's Distillery.
  8240 | D:9      | Bought a potion of heal wounds for 70 gold pieces
  8240 | D:9      | Bought a potion of haste for 140 gold pieces
  8240 | D:9      | Bought a potion of heal wounds for 70 gold pieces
  8240 | D:9      | Bought a potion of might for 56 gold pieces
  8501 | D:9      | Noticed a two-headed ogre
  8514 | D:9      | Killed a two-headed ogre
  8677 | D:9      | Found a staircase to the Lair.
  8916 | D:9      | Reached skill level 10 in Fighting
  8944 | Lair:1   | Entered Level 1 of the Lair of Beasts
  9255 | Lair:1   | Reached skill level 11 in Fighting
  9332 | Lair:1   | Found the cursed +13 scythe of Curses {drain, *Curse}
  9471 | Lair:1   | Reached *** piety under Hepliaklqana
 10417 | Lair:2   | Reached XP level 12. HP: 55/100 MP: 12/12
 10526 | Lair:2   | Reached skill level 12 in Fighting
 11139 | Lair:3   | Identified the Grimoire of Darkness and Talismans
 11331 | Lair:3   | Reached skill level 13 in Fighting
 11352 | Lair:3   | Noticed a five-headed hydra
 11377 | Lair:3   | Killed a five-headed hydra
 11819 | Lair:4   | Reached skill level 14 in Fighting
 11895 | Lair:4   | Reached **** piety under Hepliaklqana
 11914 | Lair:4   | Got a crystal shortbow
 11921 | Lair:4   | Noticed a seven-headed hydra
 11931 | Lair:4   | Killed a 13-headed hydra
 11946 | Lair:4   | Reached skill level 5 in Throwing
 12184 | Lair:4   | Found a staircase to the Snake Pit.
 12267 | Lair:4   | Found a runed translucent gate.
 12267 | Lair:4   | Found a runed translucent gate.
 12267 | Lair:4   | Found a runed translucent gate.
 12269 | Lair:4   | Noticed a death ooze
 12270 | Lair:4   | Noticed Juirae's ghost (journeyman TrMo)
 12388 | Lair:4   | Reached XP level 13. HP: 101/111 MP: 13/13
 12564 | Lair:4   | Found a viscous altar of Jiyva.
 13103 | Lair:5   | Reached skill level 10 in Dodging
 13183 | Lair:5   | Found a staircase to the Spriggan Forest.
 14098 | Lair:5   | Got a brightly glowing crystal amulet
 14100 | Lair:5   | Identified the amulet of the Chopping Coward {Inacc rElec
                  | rF- rC+} (You found it on level 5 of the Lair of Beasts)
 14306 | Lair:6   | Entered Level 6 of the Lair of Beasts
 14773 | Lair:6   | Got a pitted flail
 14879 | Lair:6   | Reached skill level 15 in Fighting
 15298 | Lair:6   | Reached ***** piety under Hepliaklqana
 15435 | Lair:6   | Reached XP level 14. HP: 101/121 MP: 14/14
 15832 | Lair:6   | Reached skill level 1 in Invocations
 16451 | Lair:6   | Reached skill level 5 in Invocations
 16719 | D:10     | Entered Level 10 of the Dungeon
 16719 | D:10     | Found Zease Boot's Food Shoppe.
 16775 | D:10     | Found a roughly hewn altar of Beogh.
 16775 | D:10     | Found a staircase to the Orcish Mines.
 17297 | D:10     | Noticed Joseph
 17307 | D:10     | Killed Joseph
 17308 | D:10     | Reached skill level 1 in Evocations
 17434 | D:10     | Found Lij Kosh's Book Shoppe.
 17436 | D:10     | Found Qeoschesh's Assorted Antiques.
 17453 | D:10     | Bought a scroll of blinking for 285 gold pieces
 17453 | D:10     | Bought a scroll labeled XAFACS XUNUBI for 38 gold pieces
 17453 | D:10     | Bought a scroll of fog for 76 gold pieces
 17472 | D:10     | Found Ykhaderr's Antique Weapon Emporium.
 17522 | D:9      | Bought a potion of heal wounds for 70 gold pieces
 17522 | D:9      | Bought a potion of resistance for 140 gold pieces
 17522 | D:9      | Bought a potion of heal wounds for 70 gold pieces
 17522 | D:9      | Bought a potion of cancellation for 70 gold pieces
 17595 | D:10     | Found Iqeoset's Book Boutique.
 18408 | D:11     | Reached skill level 5 in Evocations
 19222 | D:12     | Entered Level 12 of the Dungeon
 19261 | D:12     | Found Ycleimiv's Jewellery Shop.
 19290 | D:12     | Bought an uncursed ring of protection from magic for 350
                  | gold pieces
 19570 | D:11     | Reached XP level 15. HP: 85/126 MP: 20/20
 19944 | D:12     | Found a shimmering blue altar of Sif Muna.
 19986 | D:12     | Found a staircase to the Depths.
 20050 | D:12     | Reached skill level 16 in Fighting
 20274 | D:12     | Noticed a quicksilver dragon
 20291 | D:12     | a quicksilver dragon changed into a spark wasp
 20430 | D:12     | Learned a level 2 spell: Swiftness
 20984 | D:12     | Found a gate to the Vaults.
 21238 | Orc      | Entered the Orcish Mines
 21262 | Orc      | Found a viscous altar of Jiyva.
 21262 | Orc      | Found a staircase to the Slime Pits.
 21262 | Orc      | Found a viscous altar of Jiyva.
 21939 | Orc      | Reached skill level 17 in Fighting
 22124 | Orc      | Found Ahorch's Magic Scroll Boutique.
 22124 | Orc      | Found Nekon's Book Emporium.
 22125 | Orc      | Found Wich's Distillery.
 22125 | Orc      | Found Rylih's Armour Boutique.
 22136 | Orc      | Bought a scroll of teleportation for 42 gold pieces
 22136 | Orc      | Bought a scroll of blinking for 105 gold pieces
 22136 | Orc      | Bought a scroll of blinking for 105 gold pieces
 22631 | Shoals:1 | Entered Level 1 of the Shoals
 22642 | Shoals:1 | Reached XP level 16. HP: 139/139 MP: 22/22
 23939 | Shoals:2 | Reached ****** piety under Hepliaklqana
 23980 | Shoals:2 | Found a runed translucent gate.
 23980 | Shoals:2 | Found a runed translucent gate.
 23982 | Shoals:2 | Found a runed translucent gate.
 23996 | Shoals:2 | Noticed Cedruin's ghost (adept DrAr)
 24392 | Shoals:2 | Noticed Roxanne
 24765 | Shoals:3 | Entered Level 3 of the Shoals
 24777 | Shoals:3 | Noticed Ilsuiw
 24827 | Shoals:3 | Killed Ilsuiw
 24828 | Shoals:3 | Reached skill level 10 in Invocations
 26281 | Shoals:3 | Noticed Polyphemus
 26288 | Shoals:3 | Killed Polyphemus
 26535 | Shoals:3 | Got a barnacled rune of Zot
 26973 | Shoals:2 | Identified the cursed +0 pair of gloves of the Kraken {rF-
                  | rN+ Int+2} (You found it on level 2 of the Shoals)
 27198 | Snake:1  | Entered Level 1 of the Snake Pit
 27292 | Snake:1  | Reached XP level 17. HP: 144/144 MP: 24/24
 27607 | Snake:1  | Reached skill level 15 in Dodging
 27760 | Snake:1  | Reached skill level 10 in Throwing
 28458 | Snake:2  | Noticed Frances
 28488 | Snake:2  | Killed Frances
 29429 | Snake:2  | Noticed Aizul
 29444 | Snake:2  | Killed Aizul
 29927 | Snake:3  | Entered Level 3 of the Snake Pit
 29985 | Snake:3  | Noticed Mara
 29986 | Snake:3  | Noticed Rhok's illusion
 30223 | Snake:2  | Noticed Rhok's illusion
 30243 | Snake:2  | Killed Mara
 30244 | Snake:2  | Reached skill level 18 in Fighting
 30619 | Snake:3  | Reached XP level 18. HP: 130/154 MP: 25/25
 32235 | Snake:3  | Got a serpentine rune of Zot
 32624 | Forest:1 | Entered Level 1 of the Spriggan Forest
 33027 | Forest:1 | Noticed a wendigo
 33039 | Forest:1 | Killed a wendigo
 33687 | Forest:1 | Reached skill level 5 in Stealth
 35614 | Forest:1 | Reached XP level 19. HP: 85/161 MP: 28/28
 36021 | Forest:2 | Identified a scroll of acquirement
 36022 | Forest:2 | Identified the +11 long sword of Wittyiten {slice, *Slow
                  | Str+2 Dex+5} (You acquired it on level 2 of the Spriggan
                  | Forest)
 36022 | Forest:2 | Identified the +0 hat "Ninu" {rPois rF++ Regen+ Str-5} (You
                  | acquired it on level 2 of the Spriggan Forest)
 36022 | Forest:2 | Identified the ring of Ygocki {rN+ Slay+3} (You acquired it
                  | on level 2 of the Spriggan Forest)
 37044 | Forest:2 | Reached skill level 10 in Shields
 37984 | Forest:3 | Entered Level 3 of the Spriggan Forest
 38276 | Forest:3 | Identified the amulet "Soggiuso" {Spirit Int+2}
 39287 | Forest:3 | Reached skill level 19 in Fighting
 39972 | Forest:3 | Reached XP level 20. HP: 145/171 MP: 29/29
 40597 | Forest:3 | Found the +7 Singing Sword {slice}
 40994 | Vaults:1 | Entered Level 1 of the Vaults
 41074 | Vaults:1 | Reached skill level 15 in Invocations
 41253 | Vaults:1 | Found a flickering gateway to a bazaar.
 41269 | Bazaar   | Entered a bazaar
 41269 | Bazaar   | Found Fuit's Antique Weapon Shoppe.
 41269 | Bazaar   | Found Kisymeig's Antique Armour Shoppe.
 41287 | Bazaar   | Found Noycsul's General Store.
 41299 | Bazaar   | Found Haokau's Jewellery Emporium.
 41302 | Bazaar   | Found Dotut's Distillery.
 41314 | Bazaar   | Bought an uncursed ring of resist corrosion for 225 gold
                  | pieces
 41324 | Bazaar   | Bought a potion of curing for 35 gold pieces
 41324 | Bazaar   | Bought a potion of curing for 35 gold pieces
 41324 | Bazaar   | Bought a potion of curing for 35 gold pieces
 41367 | Bazaar   | Bought a potion of might for 44 gold pieces
 41517 | Vaults:1 | Reached skill level 20 in Fighting
 42864 | Vaults:1 | Found a staircase to the Crypt.
 43144 | Vaults:2 | Identified the +4 falchion of the Coward {elec, Stlth+}
 43157 | Vaults:2 | Reached XP level 21. HP: 164/181 MP: 33/33
 44855 | Vaults:2 | Noticed Frederick
 44864 | Vaults:2 | Killed Frederick
 45629 | Vaults:2 | Reached skill level 15 in Long Blades
 45946 | Vaults:3 | Entered Level 3 of the Vaults
 46047 | Vaults:3 | Identified the amulet "Tusedo" {Acrobat Str+4 Int-3 Dex+2
                  | SInv}
 46053 | Vaults:3 | Identified the +5 trident of Biodasch {pierce, Str+3}
 46065 | Vaults:3 | Reached skill level 21 in Fighting
 46075 | Vaults:3 | HP: 6/183 [fire giant/bolt of fire (70)]
 46081 | Vaults:3 | Reached XP level 22. HP: 80/191 MP: 0/34
 46120 | Vaults:3 | Reached skill level 10 in Evocations
 46302 | Vaults:3 | Identified the ring "Kofafo" {Ice rElec rN+ Dex-5}
 46334 | Vaults:3 | Learned a level 3 spell: Regeneration
 46688 | Vaults:3 | Paralysed by a sphinx for 4 turns
 47267 | Vaults:3 | Reached skill level 22 in Fighting
 47590 | Vaults:3 | Identified the ring "Mopt" {rC+ rN+}
 47864 | Vaults:3 | Noticed Asterion
 47876 | Vaults:3 | Killed Asterion
 47971 | Vaults:3 | Got a silver rune of Zot
 48278 | Vaults:3 | Reached XP level 23. HP: 157/202 MP: 35/35
 49483 | Orc      | Bought a potion of heal wounds for 75 gold pieces
 49483 | Orc      | Bought a potion of invisibility for 120 gold pieces
 49483 | Orc      | Bought a potion of invisibility for 120 gold pieces
 49579 | D:12     | Bought the amulet of Zifolamo {Reflect rPois MR+ Dex-4
                  | SH+3} for 390 gold pieces
 49623 | Depths:1 | Entered Level 1 of the Depths
 49696 | Depths:1 | Reached skill level 23 in Fighting
 49821 | Depths:1 | Found Ziutiymm's Book Shop.
 49822 | Depths:1 | Found Emanes's Weapon Boutique.
 49822 | Depths:1 | Found Yxohat's Magic Scroll Shop.
 49849 | Depths:1 | Found Gass's Book Boutique.
 49858 | Depths:1 | Bought a scroll of teleportation for 39 gold pieces
 49858 | Depths:1 | Bought a scroll of revelation for 52 gold pieces
 49858 | Depths:1 | Bought a scroll of teleportation for 39 gold pieces
 49858 | Depths:1 | Bought a scroll of blinking for 97 gold pieces
 50127 | Depths:1 | Reached skill level 15 in Shields
 50194 | Depths:1 | Noticed a golden dragon
 50197 | Depths:1 | Noticed a Killer Klown
 50212 | Depths:1 | Found a runed door.
 50351 | Depths:1 | Found a one-way gate to the infinite horrors of the Abyss.
 50405 | Depths:1 | Found a gateway to Hell.
 51123 | Depths:1 | Bought 44 poisoned tomahawks for 57 gold pieces
 51939 | Depths:2 | Found a gateway to a ziggurat.
 52233 | Depths:2 | Found a one-way gate leading to the halls of Pandemonium.
 52674 | Depths:2 | Noticed a juggernaut
 52691 | Depths:2 | Killed a juggernaut
 52852 | Depths:2 | Found a runed translucent door.
 52853 | Depths:2 | Noticed tronn's ghost (adept GnFi)
 52957 | Depths:2 | Killed tronn's ghost
 53041 | Depths:3 | Found Syenixi's Assorted Antiques.
 53160 | Depths:3 | Reached XP level 24. HP: 163/211 MP: 35/35
 54266 | Depths:3 | Identified the +9 quarterstaff "Imiczuaq" {elec, rPois rC+
                  | MP-9}
 54266 | Depths:3 | Identified the ring "Inniheud" {+Fly rPois rF- rN++ SInv}
 54317 | Depths:3 | Identified the ring of Doonan {SInv Stlth--}
 54317 | Depths:3 | Identified the +5 flail "Xuck" {protect, rPois}
 54473 | Depths:3 | Found a portal to a secret trove of treasure.
 54884 | Depths:3 | Bought an embroidered hat for 280 gold pieces
 54898 | Depths:3 | Bought a potion of ambrosia for 160 gold pieces
 55250 | Depths:3 | Paralysed by a sphinx for 3 turns
 55904 | Depths:2 | Found a gateway to a ziggurat.
 56511 | Depths:1 | Found Emanes's Weapon Boutique.
 56513 | Depths:1 | Found Gass's Book Boutique.
 56513 | Depths:1 | Found Ziutiymm's Book Shop.
 56517 | Depths:1 | Found Yxohat's Magic Scroll Shop.
 56651 | Depths:1 | Found a runed door.
 56779 | Depths:1 | Found a one-way gate to the infinite horrors of the Abyss.
 56975 | Crypt:1  | Entered Level 1 of the Crypt
 57787 | Depths:4 | Noticed an ancient lich
 57945 | Depths:4 | Killed an ancient lich
 57952 | Depths:4 | Paralysed by a floating eye for 3 turns
 57970 | Depths:4 | Found a runed door.
 57970 | Depths:4 | Found a runed door.
 57981 | Depths:5 | Entered Level 5 of the Depths
 58042 | Depths:5 | Reached skill level 24 in Fighting
 58244 | Depths:4 | Paralysed by a floating eye for 4 turns
 58462 | Depths:4 | Reached XP level 25. HP: 133/220 MP: 20/35
 58659 | Depths:4 | Paralysed by a floating eye for 4 turns
 59306 | Crypt:1  | Found the -2 hat of the Alchemist {rElec rPois rF+ rC+ rN+
                  | MR+ rMut rCorr}
 60223 | Crypt:2  | Entered Level 2 of the Crypt
 60457 | Depths:1 | Voluntarily entered the Abyss.
 60464 | Abyss:1  | Found a corrupted altar of Lugonu.
 60847 | Abyss:1  | Identified the +0 hat "Fomus" {MR+}
 60905 | Abyss:1  | Identified the amulet of Tiomor {Faith rN+++ Str+6 Int-2}
 62037 | Abyss:1  | Reached skill level 25 in Fighting
 63933 | Abyss:1  | Reached XP level 26. HP: 210/232 MP: 35/35
 64015 | Abyss:1  | Identified the Disquisition on Transformation and Calling
 64304 | Abyss:1  | Reached skill level 10 in Stealth
 64857 | Abyss:1  | Paralysed by accursed screaming for 1 turns
 64866 | Abyss:1  | Paralysed by accursed screaming for 2 turns
 66941 | Abyss:1  | Paralysed by accursed screaming for 1 turns
 67028 | Abyss:1  | Gained mutation: Your magical capacity is low. (-10% MP)
                  | [mutagenic glow]
 67072 | Abyss:1  | Gained mutation: Your magical capacity is very low. (-20%
                  | MP) [mutagenic glow]
 67234 | Abyss:1  | Paralysed by accursed screaming for 1 turns
 68141 | Abyss:2  | Reached XP level 27. HP: 238/239 MP: 28/28
 68314 | Abyss:2  | Paralysed by accursed screaming for 1 turns
 68663 | Abyss:2  | Paralysed by accursed screaming for 1 turns
 68706 | Abyss:2  | Reached skill level 15 in Stealth
 68786 | Abyss:2  | Found a corrupted altar of Lugonu.
 68999 | Abyss:2  | Found a corrupted altar of Lugonu.
 69152 | Abyss:2  | Found a corrupted altar of Lugonu.
 69218 | Abyss:2  | Paralysed by accursed screaming for 1 turns
 69564 | Abyss:2  | Found a corrupted altar of Lugonu.
 70700 | Abyss:3  | Found a glowing golden altar of the Shining One.
 70728 | Abyss:3  | Identified the +3 buckler of Free Expression {rC+}
 70729 | Abyss:3  | Noticed a juggernaut
 70758 | Abyss:3  | Killed a juggernaut
 70778 | Abyss:3  | Got an abyssal rune of Zot
 71203 | Abyss:3  | Found a corrupted altar of Lugonu.
 71295 | Depths:1 | Escaped the Abyss
 71415 | Depths:3 | You showed the abyssal rune of Zot to enter a treasure
                  | trove
 71416 | Trove    | Entered a treasure trove
 71458 | Trove    | Identified Sif Muna's Witchcraft for Novices
 71476 | Trove    | Identified Sif Muna's Papyrus of Earth and Evil
 71950 | Crypt:1  | Found a basalt altar of Yredelemnul.
 72049 | Crypt:1  | Learned a level 2 spell: Passwall
 72526 | Lair:4   | Killed Juirae's ghost
 72933 | Crypt:2  | Reached skill level 15 in Evocations
 72965 | Crypt:2  | Identified the ring "Tamani" {rPois rN+}
 72991 | Crypt:2  | Identified the ring of the City {rN+ Int+3}
 73033 | Crypt:2  | Noticed an ancient lich
 73105 | Crypt:2  | Killed an ancient lich
 73245 | Crypt:2  | Identified the ring of Butaefig {+Fly rN+} (You found it on
                  | level 2 of the Crypt)
 73416 | Crypt:2  | Found a staircase to the Tomb.
 73817 | Crypt:2  | Found the +7 sceptre of Torment {pain, torment}
 73879 | Crypt:2  | Noticed an ancient lich
 73906 | Crypt:2  | Identified a +0 pair of boots of running
 73907 | Crypt:2  | Identified the +5 eveningstar "Kurient" {vamp, +Rage} (You
                  | found it on level 2 of the Crypt)
 73908 | Crypt:2  | Identified the ring of Sagupsig {rC- rN+ Str+9}
 73918 | Crypt:2  | Killed an ancient lich
 73996 | Crypt:2  | Identified the cursed +0 short sword of the Howling Seer
                  | {protect, +Fly rF+ Stlth+}
 74066 | Crypt:2  | Found a basalt altar of Yredelemnul.
 74568 | Orc      | Bought a scroll of enchant armour for 105 gold pieces
 74788 | Depths:4 | Paralysed by a floating eye for 3 turns
 74798 | Depths:4 | Paralysed by a floating eye for 4 turns
 74969 | Depths:4 | Found a runed door.
 74972 | Depths:4 | Found a runed door.
 75018 | Depths:4 | Identified the amulet "Yfedas" {Regen *Corrode +Blink rF+
                  | Dex+2}
 75033 | Depths:4 | Identified Bonel Huezel's Grimoire of the Arsonist and
                  | Talismans
 75183 | Depths:4 | Paralysed by a floating eye for 3 turns
 75680 | Depths:4 | Found Zaockuac's Jewellery Boutique.
 75701 | Depths:4 | Found Fuum's Jewellery Boutique.
 75702 | Depths:4 | Found Aplot's Gadget Emporium.
 75711 | Depths:4 | Bought a box of beasts for 420 gold pieces
 75711 | Depths:4 | Bought a box of beasts for 420 gold pieces
 75711 | Depths:4 | Bought a wand of acid (5) for 252 gold pieces
 75711 | Depths:4 | Bought a wand of acid (7) for 336 gold pieces
 75719 | Depths:4 | Bought a wand of disintegration (15) for 210 gold pieces
 75722 | Depths:4 | Bought a +6 ring of evasion for 1141 gold pieces
 76737 | Depths:5 | Found Udghey Irooho's Assorted Antiques.
 76824 | Depths:5 | Bought a potion of curing for 70 gold pieces
 77031 | Depths:5 | Identified the +11 battleaxe of Strategic Superiority
                  | {pain, Dex+2}
 77197 | Depths:5 | Found a gate to the Realm of Zot.
 77960 | Zot:1    | Entered Level 1 of the Realm of Zot
 78003 | Zot:1    | Identified Sif Muna's Volume of Sinister Transformation
 78012 | Zot:1    | Learned a level 6 spell: Statue Form
 79326 | Zot:2    | Reached skill level 26 in Fighting
 80520 | Zot:3    | Noticed an orb of fire
 82389 | Zot:5    | Entered Level 5 of the Realm of Zot
 82616 | Zot:5    | Noticed an orb of fire
 83136 | Zot:5    | Gained mutation: Scrolls take you a little longer to read.
                  | [an orb of fire]
 83152 | Zot:5    | Killed an orb of fire
 83755 | Zot:5    | Noticed an orb of fire
 83803 | Zot:5    | Killed an orb of fire
 84048 | Zot:5    | Noticed an ancient lich
 84063 | Zot:5    | Killed an ancient lich
 84528 | Zot:5    | Noticed an orb of fire
 84620 | Zot:5    | Noticed an orb of fire
 84622 | Zot:5    | Noticed an orb of fire
 84664 | Zot:5    | Killed an orb of fire
 84668 | Zot:5    | Noticed an ancient lich
 84718 | Zot:5    | Killed an orb of fire
 84718 | Zot:5    | Paralysed by something for 3 turns
 84722 | Zot:5    | Killed an ancient lich
 84807 | Zot:5    | Killed an orb of fire
 84967 | Zot:5    | Got the Orb of Zot
 85477 | D:8      | Killed from afar by a Brimstone Fiend

Skill      XL: |  1  2  3  4  5  6  7  8  9 10 11 12 13 14 15 16 17 18 19 20 21 22 23 24 25 26 27 |
---------------+----------------------------------------------------------------------------------+-----
Fighting       | 3 4 5 7 8 9 11 14 15 17 18 19 20 21 22 23 24 25 26 | 26.0
Dodging        | 2 4 5 6 7 8 9 11 13 14 15 16 18 20 22 | 22.1
Shields        | 1 4 5 6 7 9 10 11 14 17 18 19 23 | 23.0
Long Blades    | 6 8 11 12 13 14 15 16 18 | 18.0
Throwing       | 6 7 9 12 14 | 14.0
Invocations    | 7 8 10 12 16 17 22 | 22.0
Evocations     | 5 7 9 12 13 14 19 | 19.0
Stealth        | 7 9 14 19 | 19.0

Action                   |  1- 3 |  4- 6 |  7- 9 | 10-12 | 13-15 | 16-18 | 19-21 | 22-24 | 25-27 || total
-------------------------+-------+-------+-------+-------+-------+-------+-------+-------+-------++-------
Melee: Short sword       |    53 |       |       |       |       |       |       |       |       ||    53
       Tailslap          |    12 |    12 |    64 |   162 |   320 |   169 |   193 |   354 |  1468 ||  2754
       Falchion          |     3 |   123 |   340 |       |       |       |       |       |       ||   466
       Scimitar          |       |       |    58 |   198 |  1281 |   907 |   790 |  1251 |  5208 ||  9693
       Long sword        |       |       |       |   601 |   275 |       |       |       |       ||   876
       Double sword      |       |       |       |       |       |       |    85 |   275 |   544 ||   904
       Demon blade       |       |       |       |       |       |       |       |       |    63 ||    63
Throw: Javelin           |    61 |    80 |    39 |    90 |       |     9 |   812 |   309 |       ||  1400
       Tomahawk          |       |       |       |    29 |    14 |  1151 |       |    44 |       ||  1238
       Throwing net      |       |       |       |     5 |       |       |       |       |    16 ||    21
Invok: Ancestor Identity |       |       |     2 |       |       |       |       |       |       ||     2
       Recall Ancestor   |       |       |       |     1 |       |     4 |     2 |     6 |    28 ||    41
       Ancestor Life: He |       |       |       |     1 |       |       |       |       |       ||     1
       Transference      |       |       |       |       |     1 |    19 |    16 |    12 |    10 ||    58
       Incarnate         |       |       |       |       |     1 |     4 |       |     3 |     6 ||    14
 Abil: Evoke Flight      |       |       |       |       |       |     1 |       |       |       ||     1
       Stop Flying       |       |       |       |       |       |     1 |       |       |       ||     1
Evoke: Wand              |       |       |       |     3 |    12 |     2 |     4 |    13 |     6 ||    40
       Sack of spiders   |       |       |       |       |     3 |     3 |       |     1 |       ||     7
       Phantom mirror    |       |       |       |       |       |     2 |       |       |       ||     2
       Lamp of fire      |       |       |       |       |       |     1 |     1 |     3 |     2 ||     7
       Fan of gales      |       |       |       |       |       |       |     1 |       |       ||     1
       Lightning rod     |       |       |       |       |       |       |     2 |     6 |     1 ||     9
       Box of beasts     |       |       |       |       |       |       |       |     1 |       ||     1
  Use: Scroll            |     1 |     4 |     3 |    13 |    16 |    11 |    14 |    16 |    17 ||    95
       Potion            |     1 |       |     1 |     2 |     5 |     8 |    12 |    17 |    13 ||    59
 Stab: Distracted        |       |     1 |     4 |     8 |    17 |    10 |     3 |    14 |    91 ||   148
       Sleeping          |       |       |     1 |       |     2 |     1 |       |     4 |    14 ||    22
       Confused          |       |       |       |     6 |    17 |     9 |    21 |    64 |   201 ||   318
       Petrified         |       |       |       |       |     4 |       |       |       |       ||     4
       Paralysed         |       |       |       |       |    12 |    12 |     4 |    45 |   122 ||   195
       Invisible         |       |       |       |       |       |       |    22 |    33 |   115 ||   170
       Held in net/web   |       |       |       |       |       |       |       |       |     1 ||     1
  Eat: Chunk             |     4 |    13 |    24 |    34 |    64 |    43 |    40 |    40 |    93 ||   355
       Ration            |       |       |       |     1 |       |    10 |     9 |    10 |    31 ||    61
Armor: Skin              |    20 |    52 |   136 |   144 |   226 |   164 |   102 |   260 |   643 ||  1747
Dodge: Dodged            |    47 |    49 |   223 |   310 |   716 |   493 |   311 |   538 |  2175 ||  4862
Block: Buckler           |       |    20 |   151 |   465 |   959 |   745 |   523 |   174 |       ||  3037
       Reflection        |       |       |       |     8 |    20 |   130 |    84 |    72 |    74 ||   388
       Other             |       |       |       |       |       |       |     2 |       |       ||     2
       Medium shield     |       |       |       |       |       |       |       |  1034 |  5042 ||  6076
